General information
- name: BNet
- type: Ladder team game (AT/RT)
- host: Battle.net
- saver: TWEEKINATOR4
map: FullScaleAssault
- players: 8
- length: 50:19
- speed: Fast
- version: 1.26 W3XP
- replay type: Public
» download(329 KB)
Players
team 1 (loser)
ShotteK- (
blue | 66 APM | 2616 actions | 39:22)
6 Archmage
3 Summon Water Elemental
2 Brilliance Aura
1 Mass Teleport
5 Mountain King
3 Storm Bolt
2 Thunder Clap
» actions
| Assign group hotkey | 40 | |
| Basic commands | 37 | |
| Build / train | 95 | |
| Enter build submenu | 29 | |
| Enter hero's abilities submenu | 11 | |
| Give item / drop item | 2 | |
| Remove unit from queue | 2 | |
| Right click | 1153 | |
| Select / deselect | 521 | |
| Select group hotkey | 584 | |
| Use ability | 141 | |
2616 total
» units
| Peasant | 18 | |
| Mortar Team | 15 | |
| Flying Machine | 25 | |
| Siege Engine | 5 | |
| Goblin Shredder | 1 | |
64 total
» upgrades
| Gunpowder | 2 | |
| Fragmentation Shards | 1 | |
| Flare | 1 | |
| Armor | 3 | |
| Flak Cannons | 1 | |
| Barrage | 1 | |
9 total
» buildings
| Altar of Kings | 1 | |
| Farm | 14 | |
| Keep | 1 | |
| Lumber Mill | 2 | |
| Blacksmith | 1 | |
| Arcane Vault | 1 | |
| Castle | 1 | |
| Workshop | 7 | |
| Town Hall | 3 | |
31 total
» build order
00:08 Altar of Kings
00:35 Farm
01:06 Farm
01:48 Farm
02:52 Keep
02:54 Farm
02:58 Lumber Mill
03:04 Lumber Mill
03:18 Blacksmith
03:27 Arcane Vault
04:34 Farm
05:13 Castle
05:19 Workshop
05:21 Workshop
05:22 Workshop
05:31 Farm
10:48 Farm
10:49 Farm
11:55 Farm
13:05 Town Hall
15:09 Farm
20:47 Workshop
20:47 Workshop
20:48 Workshop
21:18 Workshop
25:37 Farm
26:57 Town Hall
29:21 Town Hall
29:39 Farm
29:40 Farm
34:14 Farm
» items
| Scroll of Regeneration | 1 | |
| Healing Salve | 1 | |
| Potion of Healing | 2 | |
| Scroll of Town Portal | 1 | |
5 total

»
nipp_squeeze (
red | 28 APM | 666 actions | 23:25)
5 Dark Ranger
3 Black Arrow
2 Silence
» actions
| Build / train | 46 | |
| Enter build submenu | 21 | |
| Enter hero's abilities submenu | 5 | |
| Right click | 350 | |
| Select / deselect | 208 | |
| Use ability | 36 | |
666 total
» units
| Acolyte | 8 | |
| Ghoul | 5 | |
| Gargoyle | 14 | |
| Blue Drake | 1 | |
| Blue Dragon Whelp | 1 | |
| Giant Sea Turtle | 1 | |
| Crypt Fiend | 1 | |
31 total
» upgrades
» buildings
| Crypt | 2 | |
| Ziggurat | 7 | |
| Halls of the Dead | 1 | |
| Graveyard | 1 | |
| Altar of Darkness | 1 | |
| Tomb of Relics | 1 | |
| Black Citadel | 1 | |
| Nerubian Tower | 3 | |
| Spirit Tower | 1 | |
| Slaughterhouse | 2 | |
| Temple of the Damned | 1 | |
| Necropolis | 1 | |
22 total
» build order
00:11 Crypt
00:13 Ziggurat
01:58 Halls of the Dead
02:44 Graveyard
02:57 Altar of Darkness
03:00 Ziggurat
03:04 Tomb of Relics
03:33 Crypt
05:56 Ziggurat
05:58 Ziggurat
06:22 Black Citadel
09:58 Nerubian Tower
10:27 Spirit Tower
11:18 Ziggurat
11:28 Nerubian Tower
17:21 Slaughterhouse
17:24 Slaughterhouse
17:27 Temple of the Damned
17:41 Ziggurat
17:46 Ziggurat
18:12 Nerubian Tower
21:44 Necropolis

»
CinnamonChasers (
pink | 45 APM | 1780 actions | 39:14)
6 Blademaster
2 Wind Walk
3 Critical Strike
1 Bladestorm
4 Tauren Chieftain
2 Endurance Aura
2 Shockwave
3 Shadow Hunter
2 Healing Wave
1 Hex
» actions
| Assign group hotkey | 31 | |
| Basic commands | 136 | |
| Build / train | 121 | |
| ESC pressed | 2 | |
| Enter build submenu | 25 | |
| Enter hero's abilities submenu | 13 | |
| Give item / drop item | 6 | |
| Remove unit from queue | 3 | |
| Right click | 779 | |
| Select / deselect | 429 | |
| Select group hotkey | 89 | |
| Use ability | 146 | |
1780 total
» units
| Peon | 11 | |
| Grunt | 24 | |
| Shaman | 18 | |
| Kodo Beast | 6 | |
| Spirit Walker | 4 | |
| Wind Rider | 1 | |
64 total
» upgrades
| Melee Weapons | 3 | |
| Armor | 3 | |
| Shaman Training | 2 | |
| War Drums Damage Increase | 1 | |
| Berserker Strength | 1 | |
| Spiked Barricades | 2 | |
| Reinforced Defenses | 1 | |
| Pillage | 1 | |
14 total
» buildings
| Altar of Storms | 1 | |
| Orc Burrow | 7 | |
| Barracks | 1 | |
| Voodoo Lounge | 1 | |
| Stronghold | 1 | |
| War Mill | 1 | |
| Spirit Lodge | 1 | |
| Fortress | 1 | |
| Beastiary | 1 | |
| Great Hall | 2 | |
| Watch Tower | 10 | |
27 total
» build order
00:06 Altar of Storms
00:31 Orc Burrow
00:41 Barracks
01:49 Orc Burrow
02:45 Voodoo Lounge
03:25 Stronghold
03:44 War Mill
04:30 Orc Burrow
06:01 Spirit Lodge
06:04 Fortress
06:09 Beastiary
07:56 Orc Burrow
12:03 Great Hall
14:41 Orc Burrow
14:42 Orc Burrow
18:00 Watch Tower
19:36 Watch Tower
21:28 Watch Tower
23:15 Watch Tower
24:22 Watch Tower
26:54 Watch Tower
27:03 Watch Tower
27:05 Watch Tower
27:06 Watch Tower
27:08 Watch Tower
27:52 Orc Burrow
29:27 Great Hall
» items
| Healing Salve | 6 | |
| Lesser Clarity Potion | 4 | |
| Orb of Lightning | 2 | |
| Boots of Speed | 1 | |
| Circlet of Nobility | 1 | |
| Potion of Healing | 4 | |
| Potion of Invisibility | 1 | |
| Potion of Lesser Invulnerability | 2 | |
21 total
WhaleKinJake (
orange | 50 APM | 2508 actions | 50:19)
8 Archmage
3 Summon Water Elemental
3 Brilliance Aura
1 Mass Teleport
1 Blizzard
» actions
| Assign group hotkey | 65 | |
| Basic commands | 101 | |
| Build / train | 140 | |
| Enter build submenu | 76 | |
| Enter hero's abilities submenu | 8 | |
| Give item / drop item | 4 | |
| Remove unit from queue | 2 | |
| Right click | 968 | |
| Select / deselect | 648 | |
| Select group hotkey | 257 | |
| Use ability | 239 | |
2508 total
» units
| Peasant | 18 | |
| Footman | 4 | |
| Goblin Shredder | 2 | |
| Goblin Zeppelin | 3 | |
| Mortar Team | 10 | |
| Sorceress | 2 | |
| Goblin Sapper | 1 | |
| Siege Engine | 8 | |
| Gryphon Rider | 3 | |
51 total
» upgrades
| Gunpowder | 3 | |
| Plating | 3 | |
| Masonry | 3 | |
| Fragmentation Shards | 1 | |
| Flare | 1 | |
| Magic Sentry | 1 | |
| Priest Training | 0 | |
| Sorceress Training | 1 | |
| Armor | 3 | |
| Barrage | 1 | |
| Swords | 3 | |
| Animal War Training | 1 | |
| Storm Hammers | 1 | |
| Cloud | 1 | |
23 total
» buildings
| Altar of Kings | 1 | |
| Barracks | 1 | |
| Farm | 5 | |
| Scout Tower | 67 | |
| Arcane Tower | 1 | |
| Arcane Vault | 4 | |
| Lumber Mill | 3 | |
| Keep | 1 | |
| Town Hall | 4 | |
| Guard Tower | 26 | |
| Castle | 1 | |
| Blacksmith | 2 | |
| Workshop | 5 | |
| Arcane Sanctum | 2 | |
| Gryphon Aviary | 4 | |
127 total
» build order
00:37 Altar of Kings
00:38 Barracks
00:51 Farm
00:52 Farm
01:07 Farm
01:34 Farm
02:01 Scout Tower
03:01 Arcane Tower
03:27 Arcane Vault
03:42 Lumber Mill
04:16 Keep
04:53 Town Hall
04:58 Scout Tower
04:58 Scout Tower
04:59 Scout Tower
05:30 Guard Tower
06:45 Castle
07:56 Blacksmith
07:58 Blacksmith
09:08 Scout Tower
09:09 Scout Tower
09:13 Scout Tower
09:19 Workshop
09:20 Workshop
09:26 Workshop
09:29 Workshop
09:35 Workshop
09:42 Guard Tower
09:43 Guard Tower
09:44 Guard Tower
09:44 Guard Tower
10:11 Scout Tower
10:13 Scout Tower
10:14 Scout Tower
10:16 Scout Tower
10:18 Scout Tower
11:00 Arcane Sanctum
11:02 Arcane Sanctum
11:34 Farm
11:47 Guard Tower
12:46 Scout Tower
12:47 Scout Tower
12:48 Scout Tower
12:50 Scout Tower
12:51 Scout Tower
12:53 Scout Tower
12:54 Scout Tower
12:56 Scout Tower
12:57 Scout Tower
12:58 Scout Tower
12:59 Scout Tower
13:00 Scout Tower
13:01 Scout Tower
13:03 Scout Tower
13:04 Scout Tower
13:05 Scout Tower
13:05 Scout Tower
13:06 Scout Tower
13:07 Scout Tower
13:11 Scout Tower
13:12 Scout Tower
13:27 Guard Tower
13:46 Guard Tower
13:53 Guard Tower
13:56 Lumber Mill
14:32 Guard Tower
15:24 Guard Tower
16:38 Guard Tower
18:07 Guard Tower
27:05 Scout Tower
27:05 Scout Tower
27:06 Scout Tower
27:06 Scout Tower
27:08 Scout Tower
27:08 Scout Tower
27:08 Scout Tower
27:09 Scout Tower
27:10 Scout Tower
27:10 Scout Tower
27:11 Scout Tower
27:12 Arcane Vault
27:26 Scout Tower
27:28 Arcane Vault
27:30 Town Hall
27:41 Guard Tower
28:42 Guard Tower
30:30 Gryphon Aviary
30:30 Gryphon Aviary
30:31 Gryphon Aviary
30:32 Gryphon Aviary
30:34 Lumber Mill
33:42 Town Hall
33:45 Scout Tower
33:46 Scout Tower
33:46 Scout Tower
33:47 Scout Tower
33:49 Scout Tower
33:49 Scout Tower
33:50 Scout Tower
33:51 Scout Tower
33:52 Scout Tower
34:13 Guard Tower
34:15 Guard Tower
34:15 Guard Tower
34:16 Guard Tower
34:16 Guard Tower
35:18 Guard Tower
39:21 Town Hall
39:29 Scout Tower
39:30 Scout Tower
39:30 Scout Tower
39:33 Scout Tower
39:36 Scout Tower
39:36 Scout Tower
39:36 Scout Tower
39:38 Scout Tower
39:40 Scout Tower
39:40 Scout Tower
39:41 Scout Tower
39:42 Scout Tower
39:45 Arcane Vault
39:59 Guard Tower
40:17 Guard Tower
40:26 Guard Tower
40:46 Guard Tower
41:21 Guard Tower
» items
| Mechanical Critter | 9 | |
| Scroll of Regeneration | 2 | |
| Scroll of Town Portal | 7 | |
| Potion of Healing | 1 | |
| Healing Salve | 2 | |
| Potion of Mana | 1 | |
| Lesser Clarity Potion | 1 | |
23 total
team 2 (winner)

»
AngryElephant (
yellow | 48 APM | 2402 actions | 50:19)
6 Blademaster
3 Wind Walk
2 Critical Strike
1 Bladestorm
5 Shadow Hunter
3 Hex
2 Healing Wave
» actions
| Assign group hotkey | 58 | |
| Basic commands | 1 | |
| Build / train | 90 | |
| Enter build submenu | 23 | |
| Enter hero's abilities submenu | 11 | |
| Give item / drop item | 2 | |
| Right click | 1018 | |
| Select / deselect | 561 | |
| Select group hotkey | 479 | |
| Use ability | 159 | |
2402 total
» units
| Peon | 15 | |
| Troll Batrider | 31 | |
| Wind Rider | 7 | |
| Blue Drake | 1 | |
| Goblin Zeppelin | 1 | |
55 total
» upgrades
| Liquid Fire | 1 | |
| Ranged Weapons | 3 | |
| Reinforced Defenses | 1 | |
| Armor | 2 | |
| Envenomed Spears | 1 | |
8 total
» buildings
| Altar of Storms | 1 | |
| Orc Burrow | 7 | |
| Voodoo Lounge | 1 | |
| Stronghold | 1 | |
| War Mill | 1 | |
| Beastiary | 2 | |
| Fortress | 1 | |
| Great Hall | 5 | |
| Watch Tower | 5 | |
24 total
» build order
00:09 Altar of Storms
00:12 Orc Burrow
01:01 Voodoo Lounge
02:36 Stronghold
02:54 Orc Burrow
03:11 War Mill
03:32 Orc Burrow
03:55 Orc Burrow
05:02 Beastiary
05:05 Beastiary
06:20 Fortress
10:50 Orc Burrow
16:19 Great Hall
17:07 Watch Tower
19:52 Orc Burrow
23:33 Watch Tower
24:31 Watch Tower
24:33 Watch Tower
24:36 Watch Tower
28:24 Great Hall
32:34 Great Hall
33:55 Great Hall
38:17 Great Hall
40:15 Orc Burrow
» items
| Healing Salve | 6 | |
| Lesser Clarity Potion | 4 | |
| Orb of Lightning | 2 | |
12 total

»
gg.wc3 (
teal | 90 APM | 2709 actions | 30:06)
5 Blademaster
3 Wind Walk
2 Critical Strike
4 Shadow Hunter
2 Hex
2 Healing Wave
» actions
| Assign group hotkey | 23 | |
| Basic commands | 194 | |
| Build / train | 112 | |
| ESC pressed | 4 | |
| Enter build submenu | 33 | |
| Enter hero's abilities submenu | 9 | |
| Give item / drop item | 9 | |
| Right click | 878 | |
| Select / deselect | 324 | |
| Select group hotkey | 989 | |
| Use ability | 134 | |
2709 total
» units
| Peon | 20 | |
| Grunt | 3 | |
| Goblin Zeppelin | 2 | |
| Shaman | 12 | |
| Tauren | 18 | |
| Goblin Shredder | 1 | |
| Troll Witch Doctor | 5 | |
| Spirit Walker | 1 | |
62 total
» upgrades
| Armor | 3 | |
| Spiked Barricades | 1 | |
| Shaman Training | 2 | |
| Melee Weapons | 3 | |
| Witch Doctor Training | 2 | |
| Pulverize | 1 | |
| Reinforced Defenses | 1 | |
13 total
» buildings
| Altar of Storms | 1 | |
| Orc Burrow | 7 | |
| Barracks | 1 | |
| Voodoo Lounge | 2 | |
| War Mill | 1 | |
| Great Hall | 4 | |
| Stronghold | 2 | |
| Spirit Lodge | 2 | |
| Fortress | 1 | |
| Tauren Totem | 3 | |
| Watch Tower | 8 | |
32 total
» build order
00:17 Altar of Storms
00:21 Orc Burrow
00:52 Barracks
01:41 Orc Burrow
02:06 Voodoo Lounge
02:37 Orc Burrow
03:21 War Mill
04:41 Great Hall
04:46 Stronghold
06:15 Orc Burrow
07:11 Spirit Lodge
07:38 Fortress
09:11 Orc Burrow
09:19 Orc Burrow
10:01 Tauren Totem
10:25 Tauren Totem
10:27 Tauren Totem
10:32 Spirit Lodge
12:13 Great Hall
14:51 Watch Tower
15:10 Watch Tower
16:30 Watch Tower
16:31 Watch Tower
18:02 Orc Burrow
18:46 Watch Tower
18:47 Watch Tower
23:08 Watch Tower
24:21 Voodoo Lounge
24:42 Great Hall
28:53 Stronghold
29:23 Great Hall
29:42 Watch Tower
» items
| Healing Salve | 6 | |
| Lesser Clarity Potion | 2 | |
| Orb of Lightning | 2 | |
| Scroll of Speed | 3 | |
| Potion of Healing | 2 | |
| Potion of Mana | 3 | |
| Circlet of Nobility | 1 | |
| Periapt of Vitality | 1 | |
| Scroll of Town Portal | 3 | |
23 total
mugglesFTW (
purple | 70 APM | 2942 actions | 42:19)
7 Mountain King
3 Storm Bolt
3 Bash
1 Avatar
6 Paladin
3 Holy Light
1 Divine Shield
1 Devotion Aura
1 Resurrection
3 Archmage
2 Summon Water Elemental
1 Brilliance Aura
1 Blademaster
1 Bladestorm
1 Shadow Hunter
1 Healing Wave
» actions
| Assign group hotkey | 41 | |
| Basic commands | 393 | |
| Build / train | 94 | |
| Enter build submenu | 38 | |
| Enter hero's abilities submenu | 18 | |
| Give item / drop item | 15 | |
| Remove unit from queue | 1 | |
| Right click | 637 | |
| Select / deselect | 632 | |
| Select group hotkey | 890 | |
| Use ability | 183 | |
2942 total
» units
| Peasant | 11 | |
| Footman | 4 | |
| Goblin Shredder | 2 | |
| Siege Engine | 6 | |
| Mortar Team | 5 | |
| Tauren | 5 | |
| Shaman | 3 | |
| Spirit Walker | 1 | |
37 total
» upgrades
| Defend | 1 | |
| Lumber Harvesting | 2 | |
| Gunpowder | 3 | |
| Plating | 3 | |
| Armor | 3 | |
| Masonry | 3 | |
| Fragmentation Shards | 1 | |
| Flare | 1 | |
| Barrage | 1 | |
18 total
» buildings
| Altar of Kings | 1 | |
| Farm | 17 | |
| Barracks | 1 | |
| Lumber Mill | 1 | |
| Scout Tower | 7 | |
| Arcane Tower | 1 | |
| Keep | 1 | |
| Town Hall | 1 | |
| Castle | 1 | |
| Arcane Vault | 1 | |
| Blacksmith | 1 | |
| Guard Tower | 1 | |
| Workshop | 3 | |
| Orc Burrow | 4 | |
| Great Hall | 2 | |
43 total
» build order
00:21 Altar of Kings
00:35 Farm
00:51 Barracks
00:55 Farm
01:05 Lumber Mill
01:43 Farm
01:57 Scout Tower
02:27 Arcane Tower
04:03 Keep
04:05 Farm
04:30 Town Hall
05:50 Scout Tower
05:51 Scout Tower
05:52 Scout Tower
05:54 Scout Tower
05:56 Scout Tower
05:56 Scout Tower
06:27 Castle
06:39 Arcane Vault
06:45 Blacksmith
08:02 Guard Tower
08:05 Farm
08:05 Farm
08:06 Farm
08:07 Farm
08:10 Farm
08:11 Farm
08:12 Farm
08:50 Workshop
08:51 Workshop
08:53 Workshop
09:14 Farm
12:03 Farm
12:04 Farm
12:05 Farm
14:33 Farm
14:34 Farm
33:43 Orc Burrow
33:47 Orc Burrow
33:54 Great Hall
33:57 Orc Burrow
33:59 Orc Burrow
34:09 Great Hall
» items
| Boots of Speed | 2 | |
| Scroll of Town Portal | 3 | |
| Lesser Clarity Potion | 2 | |
| Orb of Fire | 2 | |
| Scroll of Regeneration | 1 | |
| Scroll of Speed | 2 | |
| Healing Salve | 1 | |
13 total
TWEEKINATOR4 (
green | 83 APM | 4166 actions | 50:19)
9 Archmage
3 Summon Water Elemental
3 Brilliance Aura
2 Blizzard
1 Mass Teleport
» actions
| Assign group hotkey | 150 | |
| Basic commands | 440 | |
| Build / train | 225 | |
| ESC pressed | 2 | |
| Enter build submenu | 63 | |
| Enter hero's abilities submenu | 11 | |
| Give item / drop item | 13 | |
| Right click | 1494 | |
| Select / deselect | 477 | |
| Select group hotkey | 1012 | |
| Use ability | 279 | |
4166 total
» units
| Peasant | 20 | |
| Footman | 9 | |
| Goblin Zeppelin | 4 | |
| Goblin Shredder | 5 | |
| Gryphon Rider | 10 | |
| Blue Dragon | 4 | |
| Goblin Sapper | 5 | |
| Knight | 1 | |
| Dragonhawk Rider | 1 | |
59 total
» upgrades
| Swords | 3 | |
| Armor | 3 | |
| Masonry | 3 | |
| Lumber Harvesting | 2 | |
| Storm Hammers | 1 | |
| Animal War Training | 1 | |
| Cloud | 1 | |
| Backpack | 1 | |
| Magic Sentry | 1 | |
| Sorceress Training | 1 | |
| Priest Training | 1 | |
| Plating | 1 | |
| Gunpowder | 1 | |
20 total
» buildings
| Altar of Kings | 1 | |
| Barracks | 2 | |
| Farm | 9 | |
| Arcane Vault | 1 | |
| Blacksmith | 1 | |
| Town Hall | 5 | |
| Keep | 5 | |
| Scout Tower | 55 | |
| Lumber Mill | 1 | |
| Guard Tower | 60 | |
| Castle | 6 | |
| Gryphon Aviary | 4 | |
| Arcane Sanctum | 2 | |
| Arcane Tower | 7 | |
159 total
» build order
01:02 Altar of Kings
01:07 Barracks
01:10 Farm
01:12 Farm
01:14 Barracks
01:56 Arcane Vault
02:05 Farm
02:27 Blacksmith
02:41 Farm
02:49 Farm
04:33 Town Hall
06:00 Keep
06:00 Keep
06:01 Keep
06:37 Scout Tower
06:42 Scout Tower
06:43 Scout Tower
06:44 Scout Tower
06:44 Scout Tower
06:48 Scout Tower
06:52 Scout Tower
06:57 Scout Tower
06:58 Scout Tower
06:59 Scout Tower
07:00 Scout Tower
07:01 Scout Tower
07:35 Lumber Mill
08:08 Guard Tower
08:08 Guard Tower
08:08 Guard Tower
08:13 Guard Tower
08:13 Guard Tower
08:14 Guard Tower
09:12 Castle
09:12 Castle
09:13 Castle
09:13 Castle
10:31 Gryphon Aviary
10:32 Gryphon Aviary
10:35 Gryphon Aviary
10:40 Guard Tower
10:40 Guard Tower
10:40 Guard Tower
10:40 Guard Tower
10:41 Guard Tower
10:41 Guard Tower
10:41 Guard Tower
11:55 Gryphon Aviary
13:12 Guard Tower
13:13 Guard Tower
15:05 Town Hall
15:18 Scout Tower
15:19 Scout Tower
15:20 Scout Tower
15:21 Scout Tower
15:22 Scout Tower
15:23 Scout Tower
15:24 Scout Tower
15:25 Scout Tower
15:26 Scout Tower
15:27 Scout Tower
15:27 Scout Tower
15:29 Scout Tower
15:54 Guard Tower
15:54 Guard Tower
15:54 Guard Tower
15:55 Guard Tower
17:50 Guard Tower
17:51 Guard Tower
17:59 Scout Tower
18:01 Scout Tower
18:02 Scout Tower
18:03 Scout Tower
18:06 Scout Tower
18:07 Scout Tower
18:08 Scout Tower
18:36 Guard Tower
18:36 Guard Tower
19:55 Guard Tower
19:55 Guard Tower
20:52 Guard Tower
20:52 Guard Tower
20:54 Scout Tower
20:56 Scout Tower
21:02 Scout Tower
21:04 Scout Tower
21:07 Farm
21:11 Farm
21:20 Farm
21:38 Guard Tower
21:39 Guard Tower
21:46 Farm
28:43 Scout Tower
28:45 Scout Tower
28:46 Scout Tower
29:20 Guard Tower
29:21 Guard Tower
29:21 Guard Tower
31:46 Town Hall
31:50 Scout Tower
31:51 Scout Tower
31:52 Scout Tower
31:53 Scout Tower
31:54 Scout Tower
31:56 Scout Tower
31:56 Scout Tower
31:57 Scout Tower
31:58 Scout Tower
32:28 Guard Tower
32:28 Guard Tower
32:29 Guard Tower
33:22 Guard Tower
33:22 Guard Tower
33:23 Guard Tower
33:47 Town Hall
33:55 Arcane Sanctum
33:57 Arcane Sanctum
34:02 Scout Tower
34:03 Scout Tower
34:04 Scout Tower
34:05 Scout Tower
34:08 Scout Tower
34:10 Scout Tower
34:33 Guard Tower
34:34 Guard Tower
34:34 Arcane Tower
34:35 Arcane Tower
34:35 Arcane Tower
35:00 Guard Tower
35:00 Guard Tower
35:00 Guard Tower
35:59 Scout Tower
36:00 Scout Tower
36:26 Arcane Tower
36:26 Arcane Tower
36:27 Guard Tower
36:28 Guard Tower
43:48 Town Hall
» items
| Scroll of Regeneration | 5 | |
| Mechanical Critter | 5 | |
| Staff of Teleportation | 1 | |
| Periapt of Vitality | 2 | |
| Tome of Retraining | 1 | |
| Potion of Lesser Invulnerability | 1 | |
| Scroll of Town Portal | 2 | |
| Staff of Sanctuary | 1 | |
| Tiny Great Hall | 1 | |
| Orb of Lightning | 1 | |
| Potion of Healing | 1 | |
21 total
Chat log
(00:07 / Allies) gg.wc3: hello
(00:23 / Allies) AngryElephant: fast air
(00:24 / Allies) mugglesFTW: i got tanks
(00:27 / Allies) mugglesFTW: and some morts
(00:35 / Allies) gg.wc3: wyvs don't do that well on this map
(00:41 / Allies) gg.wc3: everyone gets heavy aa
(00:42 / Allies) mugglesFTW: they really dont
(00:48 / Allies) mugglesFTW: orc air is bad on this map
(00:57 / Allies) gg.wc3: bats ok sometimes
(01:04 / Allies) gg.wc3: but late game they are not
(01:27 / Allies) gg.wc3: wyvs the same way
(01:35 / Allies) mugglesFTW: green teal what you getting
(01:50 / Allies) TWEEKINATOR4: An early expansion
(02:17 / Allies) gg.wc3: you were tanks purple?
(02:21 / Allies) mugglesFTW: yes
(02:24 / Allies) mugglesFTW: i need melee
(02:27 / Allies) gg.wc3: i will get melee then
(04:13 / Allies) mugglesFTW: 100 gold plz
(04:41 / Allies) mugglesFTW: i will pay back
(04:42 / Allies) mugglesFTW: 100 gold plz
(04:48 / Allies) TWEEKINATOR4: k
(04:52 / Allies) mugglesFTW: ty
(05:10 / Allies) mugglesFTW: ty
(05:39 / Allies) gg.wc3: you haven't even made a hero yet yello
(05:43 / Allies) gg.wc3: that is not good
(05:44 / Allies) AngryElephant: ur dumb
(05:53 / Allies) gg.wc3: ahahah
(07:19 / Allies) gg.wc3: nmay i have boots
(07:32 / Allies) gg.wc3: you have 2
(07:41 / Allies) gg.wc3: thx
(08:00 / Allies) mugglesFTW: come with me teal
(09:32 / Allies) mugglesFTW: morts
(10:04 / Allies) gg.wc3: wood pls
(10:20 / Allies) gg.wc3: thx
(12:30 / Allies) gg.wc3: 50 wood pls
(13:28 / Allies) mugglesFTW: blue has lots of coipters
(14:16 / Allies) mugglesFTW: meet my tanks
(14:17 / Allies) mugglesFTW: follow them
(14:26 / Allies) mugglesFTW: come down here
(14:34 / Allies) TWEEKINATOR4: hit here
(14:55 / Allies) mugglesFTW: meet my tanks
(14:57 / Allies) mugglesFTW: all 4 oif us
(15:17 / Allies) mugglesFTW: get in a base
(15:29 / Allies) mugglesFTW: green tp now
(16:20 / Allies) gg.wc3: repair
(16:20 / All) WhaleKinJake: fuck
(16:24 / All) WhaleKinJake: I got wrong upgrade on them lol
(16:29 / All) mugglesFTW: noob orange
(16:44 / All) WhaleKinJake: fuck off tank noob
(16:49 / All) mugglesFTW: i have morts
(16:53 / All) WhaleKinJake: tank noob
(17:13 / Allies) mugglesFTW: follow my tanks
(17:32 / All) mugglesFTW: invisble morts huh orange?
(17:40 / All) mugglesFTW: 2004 called. said you were retarded
(17:53 / All) WhaleKinJake: awfully cocky for 7-4
(20:05 / Allies) gg.wc3: tanks
(20:16 / Allies) mugglesFTW: teal
(20:18 / Allies) mugglesFTW: go
(20:30 / Allies) mugglesFTW: wtf
(20:38 / Allies) gg.wc3: repair
(21:22 / Allies) mugglesFTW: lets meet and go again
(22:00 / Allies) mugglesFTW: dont hit orange
(22:03 / Allies) mugglesFTW: we go to blue again
(22:10 / Allies) mugglesFTW: follow my tanks
(22:33 / Allies) mugglesFTW: green come
(22:35 / Allies) TWEEKINATOR4: k
(22:37 / Allies) TWEEKINATOR4: just one sec
(22:41 / Allies) TWEEKINATOR4: gotta finish something first
(22:43 / Allies) mugglesFTW: wtf green
(22:48 / Allies) mugglesFTW: why
(23:02 / Allies) mugglesFTW: wtf green
(23:03 / Allies) TWEEKINATOR4: I don't like your ordering everyone around, pal
(23:06 / Allies) TWEEKINATOR4: like who do you think you are?
(23:11 / Allies) mugglesFTW: im not ordering....
(23:30 / Allies) TWEEKINATOR4: you say it all in a very authoritive tone buddy
(23:31 / Allies) mugglesFTW: go to blue
(23:41 / Allies) mugglesFTW: how the fuck do you hear authoritative through text
(23:49 / Allies) TWEEKINATOR4: You can convey tone in text
(24:02 / Allies) mugglesFTW: teal come top
(24:07 / Allies) TWEEKINATOR4: or do you think writers have no idea what they've been doing for the history of literature?
(24:11 / Allies) TWEEKINATOR4: and tone can't be in text whatsoever
(24:42 / All) WhaleKinJake: so many mortars this game lol
(25:59 / Allies) mugglesFTW: well
(26:01 / Allies) mugglesFTW: we lose
(26:02 / Allies) mugglesFTW: lol
(26:12 / Allies) TWEEKINATOR4: Glad I took care of the douchebag on our team at least
(26:18 / Allies) TWEEKINATOR4: think you're better than everyone else
(26:20 / Allies) TWEEKINATOR4: fucking asshole
(26:25 / Allies) mugglesFTW: why do you think that
(26:30 / Allies) TWEEKINATOR4: cuz you're a DOUCHEBAG!
(26:40 / Allies) mugglesFTW: you having a bad day or something?
(27:36 / Allies) gg.wc3: lol 12000 gold green impressive
(27:47 / Allies) TWEEKINATOR4: Not really, I get this much all the time
(27:50 / Allies) TWEEKINATOR4: I've had over 50k before
(29:18 / Allies) mugglesFTW: teal repari my tanks please
(29:47 / Allies) mugglesFTW: stop feeding orange
(36:54 / All) WhaleKinJake: wow I just wasted tons on a near dead godl mine LOL
(40:12 / Allies) mugglesFTW: lol
(40:17 / Allies) mugglesFTW: you and orange are buddies arent you
(40:38 / Allies) mugglesFTW: exact same buidl
(40:40 / Allies) mugglesFTW: same units
(40:43 / Allies) TWEEKINATOR4: hmmm
(40:48 / Allies) TWEEKINATOR4: we're not buddies
(40:49 / Allies) TWEEKINATOR4: I am orange
(41:01 / Allies) mugglesFTW: huh?
(41:13 / All) WhaleKinJake: I AM GREEN
(41:15 / All) TWEEKINATOR4: I AM ORANGE
(41:18 / Allies) TWEEKINATOR4: We aren't buddies
(41:26 / Allies) TWEEKINATOR4: see?
(41:38 / Allies) TWEEKINATOR4: I micro 2 players
(42:07 / Allies) TWEEKINATOR4: You lose
(42:10 / Allies) TWEEKINATOR4: My other account needs the win
(42:15 / Allies) mugglesFTW: i dont care
(42:18 / Allies) mugglesFTW: i know i won
(42:24 / All) TWEEKINATOR4: raped
(43:03 / Allies) TWEEKINATOR4: you lose buddy
(43:04 / Allies) TWEEKINATOR4: out
(43:07 / Allies) TWEEKINATOR4: my other account gets the win
(43:31 / All) WhaleKinJake: yellow is a level 1 harasser loser
(43:40 / All) TWEEKINATOR4: Yellow is a noob
(43:43 / All) WhaleKinJake: pathetic at it too
(44:32 / Allies) TWEEKINATOR4: you there?
(44:33 / Allies) TWEEKINATOR4: you lose
(48:47 / All) TWEEKINATOR4: We should always both have a dragon on this map
(48:54 / All) TWEEKINATOR4: chaos damage is so good for deconstructing your base
(49:18 / All) WhaleKinJake: other races should have self destruct stuff
(49:20 / All) WhaleKinJake: like ud has
(49:41 / All) TWEEKINATOR4: that might be too good for solo or pro shit
(49:48 / All) TWEEKINATOR4: like tower massing humans who got low on gold
(50:07 / All) WhaleKinJake: 4v4RT should be the only option
(50:09 / All) TWEEKINATOR4: Anything to say for yourself yellow?